 Dungeon Crawl Stone Soup version 0.27-a0-906-g0a00ce863d (webtiles) character file.

Game seed: 11242880483877484674

100 kae the Ruffian (level 4, -4/34 HPs)
             Began as a Demonspawn Gladiator on Apr 6, 2021.
             Killed by nerve-wracking pain
             ... invoked by an orc priest
              (10 damage)
             ... on level 2 of the Dungeon.
             The game lasted 00:01:04 (2001 turns).

kae the Ruffian (Demonspawn Gladiator)              Turns: 2001, Time: 00:01:04

Health: -4/34      AC:  4    Str: 15    XL:     4   Next: 47%
Magic:  4/4        EV: 12    Int: 10    God:
Gold:   46         SH:  0    Dex: 14    Spells: 3/3 levels left

rFire    . . .     SeeInvis .     - Unarmed
rCold    . . .     Faith    .   (no shield)
rNeg     . . .     Spirit   .   a - +0 leather armour
rPois    .         Reflect  .   b - +0 helmet
rElec    .         Harm     .   (no cloak)
rCorr    .         Rampage  .   (no gloves)
Will     .....                  (no boots)
Stlth    +.........             (no amulet)
HPRegen  0.11/turn              (no ring)
MPRegen  0.18/turn              (no ring)

@: no status effects
A: demonic guardian 2, magic regeneration
a: no special abilities


You were on level 2 of the Dungeon.
You visited 1 branch of the dungeon, and saw 2 of its levels.

You collected 46 gold pieces.

Inventory:

Missiles
 c - 3 throwing nets (quivered)
Armour
 a - a +0 leather armour (worn)
 b - a +0 helmet (worn)
Scrolls
 e - a scroll of identify {unknown}
 f - a scroll of enchant weapon {unknown}
Potions
 d - a potion of flight {unknown}


   Skills:
 + Level 2.9 Fighting
 - Level 1.7 Throwing
 + Level 3.3 Dodging
 * Level 3.9 Unarmed Combat


You had 3 spell levels left.
You didn't know any spells.
Your spell library was empty.

Dungeon Overview and Level Annotations

Branches:
Dungeon (2/15)

Altars:


Innate Abilities, Weirdness & Mutations

A demonic guardian rushes to your aid.
You regenerate magic rapidly.


Message History

There are monsters nearby!
You are too injured to fight recklessly!
You are too injured to fight recklessly!
You closely miss the rat. You barely miss the rat.
Your orange demon stings the orc from afar!
The orc dies!
The rat closely misses you.
You hit the rat.
You kill the rat!
You hit the orc priest.
The orc priest is moderately wounded.
Your orange demon stings the orc priest!
The orc priest dies!
An orc comes into view. It is wielding a +0 dagger.
The orc shouts!
Things that are here:
a +0 club; a scroll labelled NUMEYPN KUIJ; 6 gold pieces You barely miss the orc priest.
Your orange demon barely misses the orc priest.
The orc priest hits you with a +0 whip. The orc hits you with a +0 dagger.
An endoplasm comes into view.
You barely miss the orc priest.
Your orange demon barely misses the orc priest.
The orc priest hits you with a +0 whip.
* * * LOW HITPOINT WARNING * * *
The orc misses you.
You hit the orc priest but do no damage.
The orc priest begins to cast a cantrip, but forgets the words!
Your orange demon stings the orc priest from afar.
The orc priest looks as sick as possible!
Your orange demon poisons the orc priest!
You barely miss the orc priest.
The orc priest is lightly wounded.
The orc hits you with a +0 dagger.
* * * LOW HITPOINT WARNING * * *
Your orange demon stings the orc priest from afar!
The orc priest calls down the wrath of Beogh upon you.
Pain shoots through your body!
You die...

...# ### #...#
... #...#
###.####...######
#................
................
.:....oo..<.....
#@....# #.4...#
##.....##
#.......#
#.......#
#.......## ##
#.#...>..# .
##### #.#####..#
.# ##...##
#.#####..##.####


You could see an orc priest (extremely poisoned, ally target), an orc and a
friendly orange demon (summoned).

Vanquished Creatures
  Jessica (D:2)
  Robin (D:2)
  A worm (D:2)
  3 ball pythons (D:2)
  3 bats
  5 endoplasms
  A giant cockroach (D:1)
  7 goblins
  2 hobgoblins (D:2)
  2 quokkas
  3 frilled lizards (D:1)
  2 kobolds
  4 rats
35 creatures vanquished.

Vanquished Creatures (collateral kills)
  An orc priest (D:2)
  An orc (D:2)
  A goblin (D:2)
  3 hobgoblins (D:2)
6 creatures vanquished.

Grand Total: 41 creatures vanquished

Notes
Turn   | Place    | Note
-------+----------+-------------------------------------------
     0 | D:1      | kae the Demonspawn Gladiator began the quest for the Orb.
     0 | D:1      | Reached XP level 1. HP: 16/16 MP: 1/1
   407 | D:1      | Found a faded altar of an unknown god.
   428 | D:1      | Gained mutation: A weak demonic guardian rushes to your
                  | aid. [demonic ancestry]
   428 | D:1      | Reached XP level 2. HP: 16/22 MP: 2/2
   954 | D:1      | You fall into a shaft and drop 1 floor!
   976 | D:2      | Noticed Jessica
   987 | D:2      | Killed Jessica
   988 | D:2      | Gained mutation: A demonic guardian rushes to your aid.
                  | [demonic ancestry]
   988 | D:2      | Reached XP level 3. HP: 20/28 MP: 3/3
  1472 | D:2      | Noticed Robin
  1500 | D:2      | Killed Robin
  1501 | D:2      | Gained mutation: You regenerate magic rapidly. [demonic
                  | ancestry]
  1501 | D:2      | Reached XP level 4. HP: 12/34 MP: 4/4
  2001 | D:2      | Killed from afar by an orc priest

Illustrated notes

Levels and vault maps discovered:
D:1:      dpeg_arrival_round_a, layout_basic, chequers_ecumenical_altar_island,
          hangedman_decor_growths
D:2:      layout_loops_cross, minmay_quadrilaterals, uniq_robin, uniq_jessica,
          uniq_terence

Skill      XL: |  1  2 |
---------------+-------+-----
Unarmed Combat | 3 |  3.9
Dodging        | 3 |  3.3
Fighting       | |  2.9
Throwing       | |  1.7

Action                   |  1- 3 |  4- 6 || total
-------------------------+-------+-------++-------
Melee: Unarmed           |   119 |    53 ||   172
       Punch             |     1 |       ||     1
  Use: Potion            |     1 |       ||     1
 Stab: Sleeping          |     1 |       ||     1
Armor: Leather armour    |    42 |    12 ||    54
Dodge: Dodged            |   109 |    47 ||   156

Table legend: (Time is in decaauts)
 A = Elapsed time spent in this place.
 B = Non-inter-level travel time spent in this place.
 C = Inter-level travel time spent in this place.
 D = Time resting spent in this place.
 E = Time spent auto-exploring this place.
 F = Levels seen in this place.
 G = Mean time per level.
                   A        B        C        D        E       F      G
               +--------+--------+--------+--------+--------+-----+--------+
         Total |   1989 |   1989 |      0 |    571 |   1138 |   2 |  994.5 |
       Dungeon |   1989 |   1989 |      0 |    571 |   1138 |   2 |  994.5 |
               +--------+--------+--------+--------+--------+-----+--------+

Top non-repeatable levels by time:
     D:2: 1037 daAuts
     D:1: 951 daAuts
